AoeStats
← GreatPerson25

Arabia

508965272Analyzed
1v1 RM · 6d ago on Sep 24, 2026· 27m 15s· 2 players
Game mode
Random Map
Map size
Tiny (2 player)
Population
200
Speed
Normal
Resources
Standard
Victory
Conquest
Starting age
Dark Age
Ending age
Imperial Age
RankedLock teamsTeams togetherTeam positionsShared explorationLock speedFull tech treeHidden civsTurbo modeCheats
Victory
Defeat
🇺🇸 Slavs · United States
1661
+15
🇨🇦 Portuguese · Canada
1648
-15
Brick by Brick
6:06 Loom
10:24 Feudal Age
11:41 Double-Bit Axe
11:37 Horse Collar
19:11 Castle Age
20:33 Bow Saw
21:45 Fletching
22:00 Heavy Plow
24:01 Wheelbarrow
22:58 Crossbowman
24:07 Bodkin Arrow
25:08 Ballistics
25:22 Scale Mail Armor
GreatPerson25
6:12 Loom
7:03 Loom
9:43 Feudal Age
10:28 Man-at-Arms
11:02 Double-Bit Axe
11:20 Horse Collar
12:47 Town Watch
16:34 Wheelbarrow
18:11 Gold Mining
21:03 Castle Age
19:20 Scale Barding Armor
19:25 Forging
19:52 Bloodlines
22:08 Chain Barding Armor
22:13 Bow Saw
22:04 Heavy Plow
22:19 Husbandry
22:45 Gold Mining
26:33 Town Watch
Connection lost

Rejoining the realm…

Still unreachable

The connection could not be restored.

Session expired

The server has moved on; the page needs a fresh start.